 Dungeon Crawl Stone Soup version 0.23.1 (webtiles) character file.

Game seed: 0

3738 Norn the Spear-Bearer (level 10, -3/79 HPs)
             Began as a Merfolk Skald on Mar 10, 2019.
             Was a Follower of Ashenzari.
             Slain by a crocodile (5 damage)
             ... while petrified by a basilisk
             ... on level 8 of the Dungeon.
             The game lasted 00:18:48 (9490 turns).

Norn the Spear-Bearer (Merfolk Skald)               Turns: 9490, Time: 00:18:48

Health: -3/79      AC:  5    Str: 12    XL:     10   Next: 15%
Magic:  9/13       EV:  2    Int: 15    God:    Ashenzari [*.....]
Gold:   315        SH:  0    Dex: 14    Spells: 7/13 levels left

rFire    . . .     SeeInvis +   C - +0 trident
rCold    . . .     Gourm    .   (no shield)
rNeg     + + +     Faith    .   b - +0 leather armour
rPois    ∞         Spirit   .   (no helmet)
rElec    .         Reflect  .   (no cloak)
rCorr    .         Harm     .   k - +0 pair of gloves
MR       .....                  w - +0 pair of boots
Stlth    +.........             (no amulet)
HPRegen  0.23/turn              o - ring of poison resistance (curse)
MPRegen  0.13/turn              z - ring of see invisible

@: petrified
A: change form in water, swift swim, stealthy swim
a: Curse Item, Scrying, Renounce Religion


You were on level 8 of the Dungeon.
You worshipped Ashenzari.
Ashenzari was aware of your devotion.
You were not hungry.

You visited 2 branches of the dungeon, and saw 9 of its levels.

You collected 315 gold pieces.

Inventory:

Hand Weapons
 C - a +0 trident (weapon)
   (You took it off an orc on level 6 of the Dungeon)
Missiles
 r - 4 throwing nets (quivered) {!f}
Armour
 b - a +0 leather armour (worn)
 k - a +0 pair of gloves (worn)
   (You found it on level 3 of the Dungeon)
 m - the +2 plate armour of Integrity {rElec MP+9}
   (You found it on level 4 of the Dungeon)

   It insulates you from electricity.
   It affects your magic capacity (+9).
 w - a +0 pair of boots (worn)
   (You found it on level 6 of the Dungeon)
Jewellery
 o - a cursed ring of poison resistance (left hand)
   (You found it on level 4 of the Dungeon)
 z - a ring of see invisible (right hand)
   (You found it on level 1 of the Dungeon)
 E - a +4 ring of dexterity
   (You found it on level 6 of the Dungeon)
Wands
 c - a wand of disintegration (9)
   (You found it on level 7 of the Dungeon)
 u - a wand of paralysis (4)
   (You found it on level 7 of the Dungeon)
 x - a wand of acid (13)
   (You found it on level 7 of the Dungeon)
Scrolls
 d - 6 scrolls of identify {@r1}
 f - a scroll of blinking {unknown}
 l - 3 scrolls of enchant armour {unknown}
 p - a scroll of amnesia {unknown}
 t - a scroll of enchant weapon {unknown}
 y - a scroll of fear {unknown}
Potions
 g - 2 potions of resistance {unknown}
 h - 6 potions of curing {@q1}
 i - a potion of flight {unknown}
 j - a potion of haste {unknown}
 n - a potion of degeneration {unknown}
 q - a potion of ambrosia {unknown}
 s - 2 potions of mutation {!q}
 v - a potion of brilliance {unknown}
 A - 2 potions of heal wounds {unknown}
 B - a potion of cancellation {unknown}
 D - a potion of lignification {unknown}
Comestibles
 a - a chunk of flesh
 e - 8 rations {!d}


   Skills:
 + Level 7.3 Fighting
 * Level 12.7 Polearms
 - Level 0.6 Armour
 + Level 8.8 Dodging
 - Level 2.0 Spellcasting
 + Level 5.9 Hexes
 - Level 4.0 Charms


You had 7 spell levels left.
You knew the following spells:

 Your Spells              Type           Power        Failure   Level  Hunger
a - Infusion              Chrm           ##..         5%          1    #......
q - Shroud of Golubria    Chrm/Tloc      #.........   19%         2    ###....
t - Spectral Weapon       Hex/Chrm       ###.....     11%         3    ###....

Your spell library contained the following spells:

 Spells                   Type           Power        Failure   Level  Hunger
 Song of Slaying          Chrm           ##......     9%          2    ###....
 Swiftness                Chrm/Air       #.......     19%         2    ###....
 Animate Skeleton         Necr           N/A          28%         1    #......
 Pain                     Necr           #...         28%         1    #......
 Shock                    Conj/Air       #...         28%         1    #......
 Regeneration             Chrm/Necr      #.........   36%         3    ###....
 Static Discharge         Conj/Air       #.......     63%         3    ###....
 Vampiric Draining        Necr           #.........   63%         3    ###....
 Airstrike                Air            #.........   95%         4    #####..
 Animate Dead             Necr           N/A          95%         4    #####..
 Lightning Bolt           Conj/Air       #.........   100%        5    ######.


Dungeon Overview and Level Annotations

Branches:
Dungeon (8/15)             Temple (1/1) D:6
   Lair: D:8-11

Altars:
Ashenzari
Cheibriados
Dithmenos
Elyvilon
Fedhas
Gozag
Hepliaklqana
Kikubaaqudgha
Makhleb
Okawaru
Qazlal
Ru
Sif Muna
Trog
Uskayaw
Vehumet
Wu Jian
Xom
Yredelemnul
Zin
The Shining One

Annotations:
D:3 exclusion: door


Message History

A basilisk is nearby!
Your spectral weapon fades away.
You start resting.
You draw out your weapon's spirit!
You swap places.
A crocodile comes into view.
Found a wand of paralysis (5).
You see here a +0 war axe.
You closely miss the crocodile.
Your spectral weapon hits the crocodile from afar.
You hit the crocodile but do no damage.
Your spectral weapon hits the crocodile but does no damage.
The crocodile bites you! The crocodile bites you!
The basilisk bites your spectral weapon!!
Your spectral weapon shares its damage with you!
Your spectral weapon fades away.
You hit the crocodile but do no damage. The crocodile closely misses you.
You hit the crocodile. You hit the crocodile. The crocodile barely misses you.
You draw out your weapon's spirit!
The crocodile misses you.
You hit the basilisk but do no damage.
Your spectral weapon hits the basilisk from afar.
The basilisk gazes at you.
You are slowing down.
The crocodile bites you!!
* * * LOW HITPOINT WARNING * * *
The basilisk barely misses you. The basilisk gazes at you.
You resist with some effort.
Your limbs are stiffening.
The crocodile barely misses you.
You have turned to stone.
The basilisk gazes at you. You resist with some effort.
The crocodile completely misses you. The basilisk gazes at you.
The crocodile completely misses you. The basilisk gazes at you.
You resist with some effort. The crocodile bites you!
* * * LOW HITPOINT WARNING * * *
The basilisk bites you!
* * * LOW HITPOINT WARNING * * *
The crocodile bites you!
* * * LOW HITPOINT WARNING * * *
The basilisk bites you!
* * * LOW HITPOINT WARNING * * *
The crocodile bites you!!
* * * LOW HITPOINT WARNING * * *
The basilisk bites you!
* * * LOW HITPOINT WARNING * * *
The crocodile bites you!
You die...

..........####...# P.
..................
P..
...........###.#..
....###........#
#.#..
....###.#......#
#.#..
........#....#.#
#.#.#
........######)#
#.#.# ##
../.....l).....#
#.#.##..#
...###..t@#..÷##
#.#....>. #..(.#...#
##'#<....#
##.......###...######
#.......##....'.....
#.............#....#
##...........##....#
#................##
#................#
..................#


You could see a basilisk, a crocodile and a friendly spectral +0 trident.

Vanquished Creatures
  Harold (D:7)
  Psyche (D:8)
  The ghost of PeterQ the Sneak, a novice VSAs (D:4)
  Grinder (D:6)
  2 hippogriffs
  Duvessa (D:5)
  2 ogres (D:7)
  2 ice beasts
  2 sky beasts
  A phantom (D:7)
  A centaur (D:6)
  A big kobold (D:7)
  2 bullfrogs
  Dowan (D:5)
  A howler monkey (D:8)
  A crimson imp (D:7)
  A centaur zombie (D:5)
  A jelly (D:6)
  A bullfrog zombie (D:7)
  3 orc priests
  2 bullfrog skeletons (D:4)
  5 hounds
  A centaur skeleton (D:8)
  2 iguanas
  An orc wizard (D:5)
  4 worker ants
  A killer bee zombie (D:7)
  A worker ant zombie (D:6)
  7 adders
  A howler monkey skeleton (D:7)
  A shadow imp (D:7)
  An adder skeleton (D:6)
  5 worms
  3 dart slugs
  6 leopard geckos
  13 orcs
  5 ball pythons
  4 giant cockroaches
  5 goblins
  5 hobgoblins
  15 jackals
  7 kobolds
  A quokka (D:7)
  8 bats
  6 frilled lizards
  A giant cockroach zombie (D:5)
  5 rats
  3 rat zombies (D:3)
146 creatures vanquished.

Vanquished Creatures (others)
  5 spectral weapons
5 creatures vanquished.

Grand Total: 151 creatures vanquished

Notes
Turn   | Place    | Note
-------+----------+-------------------------------------------
     0 | D:1      | Norn the Merfolk Skald began the quest for the Orb.
     0 | D:1      | Reached XP level 1. HP: 16/16 MP: 3/3
     6 | D:1      | Noticed a hound
     6 | D:1      | Noticed a five-headed hydra
     6 | D:1      | Noticed a black mamba
     6 | D:1      | Noticed a black bear
   339 | D:1      | Reached XP level 2. HP: 21/23 MP: 5/5
   710 | D:1      | Reached XP level 3. HP: 28/28 MP: 1/6
   720 | D:1      | Reached skill level 4 in Polearms
  1574 | D:2      | Learned a level 2 spell: Shroud of Golubria
  1578 | D:2      | Learned a level 3 spell: Spectral Weapon
  1768 | D:2      | Reached XP level 4. HP: 34/34 MP: 7/7
  2264 | D:3      | Found an ancient bone altar of Kikubaaqudgha.
  2526 | D:3      | Found a snail-covered altar of Cheibriados.
  2527 | D:3      | Found a bloodstained altar of Trog.
  2634 | D:3      | Found a deep blue altar of Sif Muna.
  2910 | D:3      | Reached skill level 5 in Polearms
  2919 | D:3      | Found a shimmering altar of Xom.
  3197 | D:3      | Reached XP level 5. HP: 22/41 MP: 1/8
  3555 | D:4      | Got a blackened plate armour
  3612 | D:4      | Reached skill level 1 in Hexes
  3666 | D:4      | Reached skill level 6 in Polearms
  3666 | D:4      | Reached XP level 6. HP: 34/47 MP: 2/9
  3893 | D:4      | Found a runed translucent door.
  3893 | D:4      | Noticed PeterQ's ghost (novice VSAs)
  4630 | D:4      | Killed PeterQ's ghost
  4630 | D:4      | Reached skill level 7 in Polearms
  4630 | D:4      | Reached skill level 5 in Dodging
  4630 | D:4      | Reached XP level 7. HP: 41/54 MP: 1/10
  4729 | D:5      | Entered Level 5 of the Dungeon
  4914 | D:5      | Reached skill level 8 in Polearms
  5008 | D:5      | Noticed Dowan
  5761 | D:5      | Found a basalt altar of Yredelemnul.
  5853 | D:5      | Reached XP level 8. HP: 59/61 MP: 4/11
  6160 | D:5      | Noticed Duvessa
  6176 | D:5      | Killed Duvessa
  6184 | D:5      | Killed Dowan
  6414 | D:6      | Reached skill level 5 in Fighting
  6418 | D:6      | Reached skill level 9 in Polearms
  7124 | D:6      | Found a staircase to the Ecumenical Temple.
  7133 | Temple   | Entered the Ecumenical Temple
  7140 | Temple   | Became a worshipper of Ashenzari the Shackled
  7656 | D:6      | Noticed Grinder
  7658 | D:6      | Paralysed by Grinder for 5 turns
  7692 | D:6      | Killed Grinder
  7692 | D:6      | Reached skill level 10 in Polearms
  8000 | D:7      | Reached XP level 9. HP: 61/69 MP: 7/12
  8319 | D:7      | Reached skill level 11 in Polearms
  8645 | D:7      | Noticed Harold
  8840 | D:7      | Killed Harold
  8840 | D:7      | Reached skill level 12 in Polearms
  8840 | D:7      | Reached skill level 5 in Hexes
  9288 | D:8      | Noticed Psyche
  9312 | D:8      | Killed Psyche
  9312 | D:8      | Reached XP level 10. HP: 54/79 MP: 7/13
  9354 | D:8      | Reached * piety under Ashenzari
  9490 | D:8      | HP: 2/79 [basilisk (4)]
  9490 | D:8      | Slain by a crocodile

Skill      XL: |  1  2  3  4  5  6  7  8  9 |
---------------+----------------------------+-----
Dodging        | 3 4 5 7 8 |  8.8
Polearms       | 4 5 6 7 8 10 12 | 12.7
Fighting       | 3 4 5 7 |  7.3
Charms         | 4 |  4.0
Hexes          | 1 2 3 4 5 |  5.9
Armour         | |  0.6
Spellcasting   | |  2.0

Action                   |  1- 3 |  4- 6 |  7- 9 | 10-12 || total
-------------------------+-------+-------+-------+-------++-------
Melee: Spear             |   127 |   193 |   291 |       ||   611
       Trident           |       |       |     6 |    31 ||    37
 Cast: Infusion          |    19 |    27 |     3 |       ||    49
       Shroud of Golubri |     1 |     5 |     7 |       ||    13
       Spectral Weapon   |       |     2 |    37 |     6 ||    45
Invok: Curse Item        |       |       |     1 |       ||     1
Evoke: Wand              |       |     8 |     6 |       ||    14
  Use: Scroll            |       |       |     3 |       ||     3
       Potion            |       |       |     1 |       ||     1
 Stab: Sleeping          |     2 |     1 |     1 |       ||     4
       Distracted        |       |     1 |     1 |       ||     2
       Paralysed         |       |       |    20 |       ||    20
  Eat: Chunk             |     3 |     7 |     6 |     2 ||    18
       Ration            |       |     1 |     4 |       ||     5
Armor: Leather armour    |    22 |    21 |    21 |     2 ||    66
Dodge: Dodged            |    52 |    72 |    88 |    21 ||   233
